 Dungeon Crawl Stone Soup version 0.29.1-1-gd02db6906a (webtiles) character file.

Game seed: 649542894106876082

15661 Anriel the Spear-Bearer (level 12, -23/89 HPs)
             Began as a Demonspawn Gladiator on Oct 14, 2022.
             Was a High Priest of Okawaru.
             Killed from afar by Azrael (41 damage)
             ... with damnation
             ... on level 12 of the Dungeon.
             The game lasted 01:28:39 (12747 turns).

Anriel the Spear-Bearer (Demonspawn Gladiator)     Turns: 12747, Time: 01:28:42

Health: -23/89     AC: 17    Str: 17 (18) XL:     12   Next: 3%
Magic:  15/17      EV: 20    Int:  8 (9)  God:    Okawaru [*****.]
Gold:   725        SH:  0    Dex: 15 (17) Spells: 11/11 levels left

rFire   + . .      SeeInvis .   b - +3 halberd (vamp)
rCold   . . .      Faith    .   (shield currently unavailable)
rNeg    . . .      Spirit   .   D - +5 scale mail {rC+}
rPois   .          Reflect  .   x - +2 hat
rElec   .          Harm     .   (no cloak)
rCorr   .          Rampage  .   (no gloves)
Will    +....                   c - +0 pair of boots
Stlth   ++........              (no amulet)
HPRegen 0.24/turn               H - +4 ring of evasion
MPRegen 0.15/turn               E - ring of fire

@: heroic, very slow
A: antennae 2, hooves 1, (demonic guardian 1), ignite blood 1, torment
resistance 1, demonic willpower, demonic touch 2
a: Renounce Religion, Heroism, Finesse, Duel


You were on level 12 of the Dungeon.
You worshipped Okawaru.
Okawaru was extremely pleased with you.
You visited 2 branches of the dungeon, and saw 13 of its levels.
You also visited: Bailey.

You collected 725 gold pieces.

Inventory:

Hand Weapons
 a - a +1 trident
 b - a +3 vampiric halberd (weapon)
 m - a +1 spear of freezing
Missiles
 d - 8 boomerangs (quivered)
 I - 3 javelins
Armour
 c - a +0 pair of boots (worn)
 o - the +0 robe of Ynyron {rElec rC++}
   (Okawaru gifted it to you on level 10 of the Dungeon)

   rC:        It greatly protects you from cold.
   rElec:     It insulates you from electricity.
 s - a +1 scale mail of poison resistance
 x - a +2 hat (worn)
 z - a +2 chain mail of cold resistance
 D - a +5 scale mail of cold resistance (worn)
 G - a +1 ring mail of willpower
Jewellery
 f - a ring of resist corrosion
 A - a ring of wizardry
 E - a ring of fire (right hand)
 H - a +4 ring of evasion (left hand)
 K - a ring of wizardry
Wands
 l - a wand of mindburst (2)
 F - a wand of roots (4)
 J - a wand of flame (24)
Scrolls
 p - 2 scrolls of enchant armour
 r - a scroll of amnesia
Potions
 e - 2 potions of flight
 g - a potion of brilliance
 j - 4 potions of attraction
 q - a potion of resistance
 t - 5 potions of mutation
 v - a potion of magic
Miscellaneous
 C - a phial of floods (inert)


   Skills:
 + Level 6.8(11.8) Fighting
 + Level 10.9(15.9) Polearms
 + Level 4.7(9.7) Throwing
 + Level 7.1(12.1) Armour
 * Level 9.0(14.0) Dodging
 + Level 3.6(8.6) Stealth
 + Level 7.2 Invocations
 * Level 0.8 Evocations


You had 11 spell levels left.
You didn't know any spells.
Your spell library contained the following spells:

 Spells                   Type           Power      Damage    Failure   Level
 Ensorcelled Hibernation  Hex/Ice        0%         N/A       86%         2
 Passwall                 Tmut/Erth      0%         N/A       86%         2
 Gell's Gravitas          Tloc           0%         N/A       97%         3
 Swiftness                Air            0%         N/A       97%         3
 Teleport Other           Tloc           0%         N/A       97%         3
 Dispersal                Tloc           0%         N/A       100%        6


Dungeon Overview and Level Annotations

Branches:
Dungeon (12/15)            Temple (1/1) D:6            Lair (0/5) D:10
    Orc (0/2) D:11         Bailey (visited)

Altars:
Ashenzari
Cheibriados
Dithmenos
Fedhas
Gozag
Hepliaklqana
Kikubaaqudgha
Makhleb
Nemelex Xobeh
Okawaru
Qazlal
Ru
Sif Muna
Trog
Uskayaw
Vehumet
Wu Jian
Xom
Yredelemnul

Shops:
D:10 :

Annotations:
D:5 2 runed translucent doors, caveywoolpert's ghost, amateur MiBe
D:12 Azrael


Innate Abilities, Weirdness & Mutations

You have a pair of antennae on your head.
You have large cloven feet.
((A weak demonic guardian rushes to your aid.))
Your demonic aura sometimes causes spilled blood to erupt in flames.
You are resistant to unholy torment.
You punish those that try to bend your will. (Will+)
Your touch may inflict irresistible damage on your foes.


Message History

Okay, then.
You gain the combat prowess of a mighty hero.
Azrael hits you with a +4 scimitar of flaming!
Azrael burns you.
You hit Azrael.
Azrael is lightly wounded.
You hit Azrael but do no damage.
Azrael is lightly wounded.
Azrael gestures at you. The bolt of fire hits you! You resist.
You hit Azrael but do no damage.
Azrael is lightly wounded.
Azrael gestures at you.
The sphere of damnation explodes!
The damnation engulfs you!!
* * * LOW HITPOINT WARNING * * *
The damnation engulfs Azrael.
Azrael completely resists.
Press: ? - help, v - describe, . - travel
Here: Azrael, wielding a +4 scimitar of flaming The floor.
Okay, then.
Okay, then.
Aim the phial where?
Press: ? - help, Shift-Dir - straight line, f - Azrael
Aim: Azrael, wielding a +4 scimitar of flaming The torrent of water hits Azrael!
Azrael is lightly wounded.
Azrael is knocked back by the torrent of water.
The wave splashes down.
Splash!
You fall into the shallow water.
Moving in this stuff is going to be slow.
Azrael is engulfed in water.
Okay, then.
Aiming: Mindburst
Press: ? - help, Shift-Dir - straight line, f/p - Azrael
Aim: Azrael, wielding a +4 scimitar of flaming (lightly wounded, unaffected by silence, waterlogged, chance to affect: 50%) Azrael's mind is blasted!
Azrael gestures at you.
The sphere of damnation explodes!
The damnation engulfs you!!!
You die...

#################
................K #
............(...K .#
..############### .#
..################.#
................~..#
.....).))........~~#
................@~R#
#################~~#
# ..# ..# ..# !.#
..# ..#


You could see Azrael (unsilenced, waterlogged).

Vanquished Creatures
  Josephine (D:10)
  Erica (D:7)
  A two-headed ogre (D:12)
  A mana viper (shapeshifter) (D:12)
  A manticore (D:12)
  An elephant (D:10)
  Maurice (D:8)
  A gargoyle (Bailey)
  2 unseen horrors (D:11)
  A komodo dragon (D:12)
  5 trolls
  Sigmund (D:6)
  5 wraiths (D:10)
  2 wyverns
  2 vampires
  14 yaks
  4 fire elementals (D:12)
  Grum (D:10)
  A steam dragon (D:9)
  A warg (D:11)
  2 water moccasins
  An acid dragon (D:11)
  A hell hound (D:12)
  3 ice beasts
  A sky beast (D:7)
  5 orc warriors
  3 black bears
  An ogre (D:4)
  9 centaurs
  4 wolves (D:10)
  A phantom (D:7)
  2 kobold brigands
  5 bullfrogs
  3 scorpions
  6 necrophages
  5 wights (D:10)
  3 killer bees (D:8)
  7 vampire bats (Bailey)
  7 wolf zombies (Bailey)
  A howler monkey (D:7)
  2 bullfrog zombies (D:7)
  2 centaur zombies (D:7)
  5 hounds
  A jelly (D:8)
  8 orc priests
  Natasha (thrice) (D:4)
  4 iguanas
  9 orc wizards
  2 killer bee zombies (D:7)
  2 howler monkey zombies (D:7)
  5 adders
  3 gnolls (D:2)
  A shadow imp (D:7)
  3 white imps
  2 worms
  3 dart slugs
  27 orcs
  A bat (D:1)
  5 endoplasms
  6 giant cockroaches
  9 hobgoblins
  5 jackals
  10 kobolds
  2 quokkas
  6 ball pythons
  4 frilled lizards (D:2)
  8 goblins
  20 orc zombies (Bailey)
  4 rats
279 creatures vanquished.

Vanquished Creatures (collateral kills)
  2 orcs (D:4)
2 creatures vanquished.

Grand Total: 281 creatures vanquished

Notes
Turn   | Place    | Note
-------+----------+-------------------------------------------
     0 | D:1      | Anriel the Demonspawn Gladiator began the quest for the
                  | Orb.
     0 | D:1      | Reached XP level 1. HP: 16/16 MP: 1/1
   517 | D:1      | Gained mutation: A weak demonic guardian rushes to your
                  | aid. [demonic ancestry]
   517 | D:1      | Reached XP level 2. HP: 22/22 MP: 2/2
   885 | D:2      | Reached skill level 3 in Polearms
  1049 | D:2      | Discovered your monstrous ancestry.
  1049 | D:2      | Gained mutation: You have large cloven feet. [demonic
                  | ancestry]
  1049 | D:2      | Reached XP level 3. HP: 27/27 MP: 3/3
  1049 | D:2      | Found a faded altar of an unknown god.
  1317 | D:2      | Reached skill level 1 in Armour
  1905 | D:3      | Gained mutation: Your demonic aura sometimes causes spilled
                  | blood to erupt in flames. [demonic ancestry]
  1905 | D:3      | Reached XP level 4. HP: 33/33 MP: 4/4
  2214 | D:3      | Noticed a scorpion
  2226 | D:3      | Killed a scorpion
  2227 | D:3      | Gained mutation: You have a pair of small antennae on your
                  | head. [demonic ancestry]
  2227 | D:3      | Reached XP level 5. HP: 25/39 MP: 5/5
  2791 | D:4      | Noticed an ogre
  2801 | D:4      | Killed an ogre
  2802 | D:4      | Reached skill level 1 in Stealth
  2827 | D:4      | Gained mutation: Your touch may inflict minor irresistible
                  | damage on your foes. [demonic ancestry]
  2827 | D:4      | Reached XP level 6. HP: 8/46 MP: 6/6
  2900 | D:4      | Reached skill level 4 in Polearms
  3275 | D:4      | Noticed Natasha
  3279 | D:4      | Killed Natasha
  3281 | D:4      | Found a hide-covered altar of Uskayaw.
  3344 | D:4      | Found a snail-covered altar of Cheibriados.
  3393 | D:4      | Gained mutation: Your touch may inflict irresistible damage
                  | on your foes. [demonic ancestry]
  3393 | D:4      | Reached XP level 7. HP: 31/51 MP: 7/7
  3604 | D:4      | Noticed Natasha
  3611 | D:4      | Killed Natasha
  3758 | D:4      | Noticed Natasha
  3764 | D:4      | Killed Natasha
  3948 | D:5      | Entered Level 5 of the Dungeon
  3966 | D:5      | Found a large runed translucent door.
  3966 | D:5      | Found a large runed translucent door.
  3968 | D:5      | Noticed caveywoolpert's ghost (amateur MiBe)
  4069 | D:5      | Found an iron altar of Okawaru.
  4084 | D:5      | Became a worshipper of Warmaster Okawaru
  4362 | D:5      | Reached skill level 5 in Polearms
  4492 | D:6      | Found a sparkling altar of Nemelex Xobeh.
  4503 | D:6      | Reached XP level 8. HP: 58/58 MP: 8/8
  4536 | D:5      | Reached * piety under Okawaru
  4872 | D:6      | Reached skill level 5 in Dodging
  5245 | D:6      | Noticed Sigmund
  5268 | D:6      | Killed Sigmund
  5481 | D:6      | Reached skill level 6 in Polearms
  5523 | D:6      | Found a staircase to the Ecumenical Temple.
  5594 | Temple   | Entered the Ecumenical Temple
  5664 | D:7      | Found a flagged portal.
  5704 | Bailey   | Entered a bailey
  5939 | Bailey   | Noticed a gargoyle
  5949 | Bailey   | Killed a gargoyle
  5949 | Bailey   | Reached ** piety under Okawaru
  5950 | Bailey   | Gained mutation: You have a pair of antennae on your head.
                  | [demonic ancestry]
  5950 | Bailey   | Reached XP level 9. HP: 50/65 MP: 6/9
  6054 | Bailey   | Reached skill level 7 in Polearms
  6066 | Bailey   | Reached skill level 5 in Armour
  7022 | D:7      | Reached *** piety under Okawaru
  7049 | D:7      | Found a basalt altar of Yredelemnul.
  7363 | D:7      | Reached skill level 8 in Polearms
  7386 | D:7      | Found an ornate altar of the Wu Jian Council.
  7773 | D:8      | Reached skill level 5 in Fighting
  7793 | D:8      | Gained mutation: You punish those that try to bend your
                  | will. (Will+) [demonic ancestry]
  7793 | D:8      | Reached XP level 10. HP: 74/74 MP: 10/10
  7806 | D:8      | Reached **** piety under Okawaru
  7820 | D:8      | Noticed Erica
  7851 | D:8      | Noticed Maurice
  8230 | D:7      | Killed Erica
  8231 | D:7      | Reached skill level 1 in Invocations
  8255 | D:8      | Killed Maurice
  8270 | D:8      | Reached skill level 9 in Polearms
  8832 | D:8      | Found a shimmering blue altar of Sif Muna.
  9313 | D:9      | Reached ***** piety under Okawaru
  9466 | D:9      | Received a gift from Okawaru
  9659 | D:10     | Entered Level 10 of the Dungeon
  9659 | D:10     | Noticed an elephant
  9659 | D:10     | Found a staircase to the Lair.
  9680 | D:10     | Killed an elephant
  9805 | D:10     | Noticed Grum
  9815 | D:10     | Reached XP level 11. HP: 81/81 MP: 14/14
  9828 | D:10     | Killed Grum
  9851 | D:10     | Reached skill level 5 in Invocations
  9913 | D:10     | Found Zirphae's Self-Improvement Boutique.
 10208 | D:10     | Noticed Josephine
 10225 | D:10     | Killed Josephine
 10225 | D:10     | Identified the +0 robe of Ynyron {rElec rC++} (Okawaru
                  | gifted it to you on level 10 of the Dungeon)
 10225 | D:10     | Received a gift from Okawaru
 10236 | D:10     | Reached skill level 10 in Polearms
 10886 | D:11     | Found a staircase to the Orcish Mines.
 11719 | D:12     | Noticed a fire crab
 11720 | D:12     | Noticed a mana viper
 11720 | D:12     | a fire crab changed into a mana viper
 11728 | D:12     | a mana viper changed into a culicivora
 11736 | D:12     | Noticed a mana viper
 11760 | D:12     | Killed a mana viper
 11825 | D:12     | Noticed a two-headed ogre
 11840 | D:12     | HP: 2/83 [two-headed ogre/+0 giant club (12)]
 11881 | D:12     | HP: 1/83 [troll (8)]
 12280 | D:12     | Killed a two-headed ogre
 12418 | D:12     | Gained mutation: You are resistant to unholy torment.
                  | [demonic ancestry]
 12418 | D:12     | Reached XP level 12. HP: 19/89 MP: 17/17
 12735 | D:12     | Noticed Azrael
 12747 | D:12     | Killed from afar by Azrael

Illustrated notes

Levels and vault maps discovered:
D:1:      scummos_arrival_simple_fountains, layout_basic
D:2:      layout_basic, ebering_ecumenical_altar_webs, roderic_serpentine_path,
          minmay_octomino_c4
D:3:      layout_basic, minmay_crystal_water
D:4:      layout_basic, minitemple, uniq_natasha
D:5:      layout_rooms, mainiacjoe_overflow_chevrons,
          ebering_ghost_disaster_area
D:6:      layout_cave_pools, nemelex_xobeh_ov_fountains_minmay,
          minmay_temple_entry_metal_lava, uniq_sigmund
D:7:      layout_loops_ring, nzn_wu_jian_contemplation,
          nicolae_yredelemnul_corpse_copse, enter_bailey_4,
          hangedman_decor_riveting
D:8:      layout_cave_pools, mainiacjoe_overflow_alcove_2, uniq_maurice,
          uniq_erica
D:9:      layout_loops_ring
D:10:     layout_stronghold, david_lair_generic, nicolae_shop_self_help,
          uniq_grum, uniq_josephine
D:11:     layout_layer_cave, erik_orc_4
D:12:     minmay_razor_zed, layout_long_grid, hellmonk_ghost_happy_afterlife,
          uniq_azrael
Temple:   nicolae_temple_no_exploring_needed

Skill      XL: |  1  2  3  4  5  6  7  8  9 10 11 12 |
---------------+-------------------------------------+-----
Dodging        | 3 4 5 7 8 9 |  9.0
Polearms       | 3 4 5 6 8 9 10 | 10.9
Throwing       | 2 3 4 |  4.7
Armour         | 1 2 3 4 5 6 7 |  7.1
Stealth        | 1 2 3 |  3.6
Fighting       | 3 4 5 6 |  6.8
Invocations    | 4 7 |  7.2
Evocations     | |  0.8

Action                   |  1- 3 |  4- 6 |  7- 9 | 10-12 || total
-------------------------+-------+-------+-------+-------++-------
Melee: Trident           |    23 |       |    32 |       ||    55
       Spear             |    57 |   134 |   106 |       ||   297
       Kick              |     6 |    15 |       |       ||    21
       Touch             |       |     3 |    18 |       ||    21
       Punch             |       |     1 |     3 |       ||     4
       Halberd           |       |       |   321 |   497 ||   818
Throw: Javelin           |    15 |     8 |    20 |       ||    43
       Throwing net      |       |     2 |     4 |       ||     6
       Boomerang         |       |       |     3 |    58 ||    61
Invok: Heroism           |       |       |     3 |     4 ||     7
Evoke: Phial of floods   |       |       |       |     2 ||     2
       Wand              |       |       |       |     3 ||     3
  Use: Scroll            |       |    12 |    10 |    16 ||    38
       Potion            |       |     1 |     5 |    20 ||    26
 Stab: Sleeping          |       |     2 |     2 |       ||     4
       Held in net/web   |       |     1 |     1 |       ||     2
       Distracted        |       |       |     1 |       ||     1
Armor: Ring mail         |    18 |    30 |    23 |       ||    71
       Scale mail        |       |       |   127 |   163 ||   290
       Skin              |       |       |   103 |       ||   103
Dodge: Dodged            |    32 |    65 |   228 |   413 ||   738
